 Dungeon Crawl Stone Soup version 0.27-a0-417-g317cea8a3c (webtiles) character file.

Game seed: 4365632075326418606

16920 pokeman the Eclecticist (level 12, -6/69 HPs)
             Began as a Deep Elf Hedge Wizard on Feb 25, 2021.
             Was a High Priest of Vehumet.
             Mangled by a white ugly thing (15 damage)
             ... on level 12 of the Dungeon.
             The game lasted 00:54:20 (17026 turns).

pokeman the Eclecticist (Deep Elf Hedge Wizard)    Turns: 17026, Time: 00:54:20

Health: -6/69      AC: 11    Str:  7    XL:     12   Next: 14%
Magic:  3/34       EV: 12    Int: 31    God:    Vehumet [*****.]
Gold:   812        SH:  0    Dex: 14    Spells: 26/43 levels left

rFire    + . .     SeeInvis .   C - +2 war axe (elec)
rCold    x . .     Faith    +   (no shield)
rNeg     . . .     Spirit   .   a - +3 leather armour {rPois}
rPois    +         Reflect  .   j - +2 helmet
rElec    .         Harm     .   (no cloak)
rCorr    .         Rampage  .   (no gloves)
Will     +....                  I - +1 pair of boots {Fly}
Stlth    ++........             A - amulet of faith
HPRegen  0.21/turn              D - ring of fire
MPRegen  0.24/turn              t - +6 ring of intelligence

@: flying
A: no striking features
a: Stop Flying, Renounce Religion


You were on level 12 of the Dungeon.
You worshipped Vehumet.
Vehumet was extremely pleased with you.
You visited 2 branches of the dungeon, and saw 13 of its levels.

You collected 812 gold pieces.

Inventory:

Hand Weapons
 d - the +1 morningstar of Chaos {pain, +Rage Str+2 Stlth+}
   (You found it on level 7 of the Dungeon)

   In the hands of one skilled in necromantic magic, it inflicts extra damage on
   living creatures.
   It affects your strength (+2).
   It lets you go berserk.
   It makes you more stealthy.
 y - a +0 shortbow
 C - a +2 war axe of electrocution (weapon)
 L - the +2 mace of Anguish {vorpal, Int+3 SInv Stlth+}
   (You found it on level 8 of the Dungeon)

   It inflicts extra damage upon your enemies.
   It affects your intelligence (+3).
   It lets you see invisible.
   It makes you more stealthy.
Missiles
 g - 227 arrows
 F - 20 bolts
 K - 4 curare-tipped darts
Armour
 a - a +3 leather armour of poison resistance (worn)
 j - a +2 helmet (worn)
 I - a +1 pair of boots of flying (worn)
 J - +0 acid dragon scales
 P - a +0 troll leather armour
 R - +0 steam dragon scales
Magical Staves
 H - a staff of conjuration
Jewellery
 o - a ring of poison resistance
 t - a +6 ring of intelligence (right hand)
 A - an amulet of faith (around neck)
 D - a ring of fire (left hand)
Wands
 c - a wand of mindburst (5)
 p - a wand of flame (29)
 r - a wand of digging (6)
 w - a wand of polymorph (7)
 z - a wand of charming (9)
 O - a wand of acid (7)
Scrolls
 e - a scroll of fog {unknown}
 h - 17 scrolls of identify {unknown}
 m - 4 scrolls of amnesia {unknown}
 n - 3 scrolls of fear {unknown}
 q - 5 scrolls of teleportation {unknown}
 v - a scroll of summoning {unknown}
 x - a scroll of immolation {unknown}
 E - 2 scrolls of silence {unknown}
 G - 2 scrolls of enchant weapon {unknown}
 M - 3 scrolls of magic mapping {unknown}
 N - a scroll of noise {unknown}
 Q - a scroll of random uselessness {unknown}
 S - a scroll of enchant armour {unknown}
Potions
 b - 4 potions of degeneration {unknown}
 f - 4 potions of curing {unknown}
 i - a potion of flight {unknown}
 k - 4 potions of attraction {unknown}
 l - 3 potions of heal wounds {unknown}
 s - 3 potions of magic {unknown}
 u - a potion of ambrosia {unknown}
 B - 3 potions of berserk rage {unknown}


   Skills:
 + Level 5.9 Fighting
 - Level 4.0 Armour
 - Level 3.0 Dodging
 - Level 3.0 Stealth
 * Level 16.0 Spellcasting
 + Level 9.9 Conjurations
 - Level 1.1 Summonings
 - Level 1.1 Translocations
 + Level 9.4 Fire Magic
 - Level 1.0 Air Magic
 - Level 1.3 Poison Magic
 - Level 1.0 Evocations


You had 26 spell levels left.
You knew the following spells:

 Your Spells              Type           Power        Failure   Level
a - Magic Dart            Conj           100%         1%          1
b - Mephitic Cloud        Conj/Pois/Air  50%          1%          3
c - Call Imp              Summ           31%          2%          2
d - Blink                 Tloc           N/A          2%          2
e - Conjure Flame         Conj/Fire      91%          1%          3
f - Foxfire               Conj/Fire      100%         1%          1
g - Fireball              Conj/Fire      45%          1%          5

Your spell library contained the following spells:

 Spells                   Type           Power        Failure   Level
 Lee's Rapid Deconstruct  Erth           12%          17%         5
 Shock                    Conj/Air       100%         1%          1
 Sting                    Tmut/Pois      100%         1%          1
 Inner Flame              Hex/Fire       69%          1%          3
 Sticky Flame             Conj/Fire      91%          1%          4
 Animate Skeleton         Necr           48%          2%          1
 Pain                     Necr           96%          2%          1
 Slow                     Hex            24%          3%          2
 Gell's Gravitas          Tloc           15%          4%          3
 Confusing Touch          Hex            24%          8%          3
 Vampiric Draining        Necr           12%          8%          3
 Yara's Violent Unravell  Hex/Tmut       12%          17%         5
 Animate Dead             Necr           12%          26%         4
 Petrify                  Tmut/Erth      24%          26%         4
 Agony                    Necr           24%          56%         5
 Metabolic Englaciation   Hex/Ice        12%          56%         5


Dungeon Overview and Level Annotations

Branches:
Dungeon (12/15)            Temple (1/1) D:5            Lair (0/6) D:11
    Orc (0/2) D:11

Altars:
Ashenzari
Cheibriados
Dithmenos
Elyvilon
Fedhas
Gozag
Hepliaklqana
Kikubaaqudgha
Makhleb
Okawaru
Qazlal
Ru
Sif Muna
Trog
Uskayaw
Vehumet
Wu Jian
Xom
Yredelemnul
Zin
The Shining One

Shops:
D:5 [   D:8 (

Annotations:
D:12 exclusion: ugly thing


Message History

You feel a surge of power!
The fireball explodes!
The fireball engulfs the large slime creature!!
You kill the large slime creature!
Vehumet accepts your kill.
You feel your power returning.
Unknown command.
You start resting.
A white ugly thing comes into view.
Casting: Fireball (dangerous; 1% risk of failure)
Confirm with . or Enter, or press ? or * to list all spells.
You feel a surge of power!
The fire begins to smolder!
The fire ignites!
A slime creature comes into view.
Casting: Conjure Flame (safe; 1% risk of failure)
Confirm with . or Enter, or press ? or * to list all spells.
A beastly little devil appears in a puff of flame.
The white ugly thing is engulfed in blazing flames.
The white ugly thing barely misses you.
Unknown command.
You barely miss the white ugly thing.
The white ugly thing is lightly wounded.
The white ugly thing is engulfed in blazing flames.
The white ugly thing tentacle-slaps you!
The white ugly thing freezes you!!!
You feel a terrible chill!
Ouch! That really hurt!
* * * LOW HITPOINT WARNING * * *
Unknown command.
You swap places.
The white ugly thing is engulfed in blazing flames.
The white ugly thing tentacle-slaps your crimson imp!
Your crimson imp dies!
Unknown command.
Aiming: Charm
Press: ? - help, Shift-Dir - straight line, f - white ugly thing
Aim: a white ugly thing (flame, heavily wounded, chance to affect: 31%)
The white ugly thing easily resists.
The white ugly thing is engulfed in blazing flames.
The slime creature is engulfed in blazing flames.
The white ugly thing tentacle-slaps you!
You die...

#.............##### ####
#.###....####.# # #.# #.##.#
#.# ## #.# #.##.# #.# #. #.#
#.##.# #J# ###. #.# #.##.#
#ยง# #####... #.# #.##.# #J#
#....... #.# #(##.# #u#
#.###... #.###.##.####@##
#.#..... #.##...........#
#.#.###. #....##....###.##
#.#.# ##
#######....##...#######.#.##
####....#....(.......#
#..#....#####..#..###
#..##.#.# #..........
#..#....# #.#..#.....
#.......# #.#..#..###


You could see a white ugly thing and 2 slime creatures.

Vanquished Creatures
  A catoblepas (D:11)
  An ogre mage (D:11)
  4 two-headed ogres
  An unseen horror (D:10)
  A manticore (D:11)
  A cyclops (D:11)
  An ugly thing (D:12)
  2 centaur zombies (D:12)
  A gargoyle (D:10)
  2 centaur skeletons
  A kobold demonologist (D:11)
  Maggie (D:8)
  3 trolls
  2 slime creatures
  Prince Ribbit (D:7)
  A hornet (D:11)
  2 wraiths
  A wyvern (D:8)
  10 yaks
  A steam dragon (D:11)
  A soldier ant (D:11)
  8 orc warriors
  6 ice beasts
  A black bear (D:6)
  2 sky beasts
  3 ogres
  A hornet zombie (D:7)
  4 centaurs
  4 phantoms
  5 kobold brigands
  10 bullfrogs
  A wyvern zombie (D:10)
  4 scorpions
  7 wights
  3 killer bees
  A jelly (D:10)
  2 vampire bats (D:8)
  2 howler monkeys
  3 quasits
  4 bullfrog skeletons
  6 hounds
  5 orc priests
  3 iguanas
  13 orc wizards
  11 worker ants
  A hound skeleton (D:10)
  A worker ant zombie (D:9)
  19 adders
  7 gnolls
  3 shadow imps
  A white imp (D:8)
  An ufetubus (D:4)
  2 oozes
  3 adder skeletons
  2 worms
  2 dart slugs
  5 leopard geckos
  59 orcs
  6 bats
  4 bat skeletons (D:8)
  2 bat zombies (D:8)
  8 giant cockroaches
  6 hobgoblins
  19 jackals
  7 quokkas
  7 frilled lizards
  8 goblins
  A jackal zombie (D:6)
  25 kobolds
  A leopard gecko skeleton (D:6)
  11 rats
  A foxfire (D:10)
360 creatures vanquished.

Vanquished Creatures (collateral kills)
  A two-headed ogre (D:11)
  2 killer bees (D:11)
  An orc priest (D:11)
  A hound (D:11)
  5 orcs (D:11)
10 creatures vanquished.

Vanquished Creatures (others)
  An ogre (D:9)
  A quokka (D:11)
  692 foxfires
  2 plants (D:10)
696 creatures vanquished.

Grand Total: 1066 creatures vanquished

Notes
Turn   | Place    | Note
-------+----------+-------------------------------------------
     0 | D:1      | pokeman the Deep Elf Hedge Wizard began the quest for the
                  | Orb.
     0 | D:1      | Reached XP level 1. HP: 10/10 MP: 7/7
   241 | D:1      | Found a shimmering altar of Xom.
   396 | D:1      | Reached XP level 2. HP: 15/15 MP: 7/9
  1064 | D:1      | Reached skill level 5 in Spellcasting
  1274 | D:2      | Reached XP level 3. HP: 20/20 MP: 5/11
  1278 | D:2      | Learned a level 3 spell: Mephitic Cloud
  1281 | D:2      | Learned a level 2 spell: Call Imp
  1284 | D:2      | Learned a level 2 spell: Blink
  1288 | D:2      | Learned a level 3 spell: Conjure Flame
  1448 | D:2      | Found a basalt altar of Yredelemnul.
  1866 | D:2      | Reached skill level 1 in Fighting
  1914 | D:2      | Reached skill level 1 in Armour
  2230 | D:2      | Reached XP level 4. HP: 20/25 MP: 4/13
  3045 | D:3      | Reached skill level 1 in Fire Magic
  3122 | D:3      | Reached skill level 6 in Spellcasting
  3201 | D:3      | Noticed a bullfrog
  3207 | D:3      | Killed a bullfrog
  3208 | D:3      | Reached XP level 5. HP: 27/29 MP: 8/15
  3444 | D:3      | Reached skill level 1 in Air Magic
  3956 | D:4      | Reached XP level 6. HP: 34/34 MP: 6/17
  4046 | D:4      | Reached skill level 1 in Poison Magic
  4057 | D:4      | Reached skill level 7 in Spellcasting
  4057 | D:4      | Reached skill level 1 in Evocations
  5024 | D:4      | Found a snail-covered altar of Cheibriados.
  5074 | D:4      | Reached XP level 7. HP: 38/38 MP: 7/20
  5416 | D:5      | Entered Level 5 of the Dungeon
  5432 | D:5      | Reached skill level 8 in Spellcasting
  5873 | D:5      | Found a hazy altar of Hepliaklqana.
  5930 | D:5      | Found Mogreol's Armour Shop.
  6147 | D:5      | Found a staircase to the Ecumenical Temple.
  6159 | Temple   | Entered the Ecumenical Temple
  6217 | Temple   | Became a worshipper of Vehumet
  7047 | D:6      | Reached XP level 8. HP: 44/44 MP: 17/22
  7130 | D:6      | Reached skill level 9 in Spellcasting
  7733 | D:6      | Reached * piety under Vehumet
  7733 | D:6      | Offered knowledge of Foxfire by Vehumet.
  7734 | D:6      | Reached skill level 5 in Conjurations
  7737 | D:6      | Learned a level 1 spell: Foxfire
  8033 | D:6      | Found a burning altar of Makhleb.
  8323 | D:7      | Reached skill level 10 in Spellcasting
  8551 | D:7      | Identified an ancient morningstar
  8707 | D:7      | Found a shimmering blue altar of Sif Muna.
  8728 | D:7      | Identified Sif Muna's Compendium of Poisoning and Feathers
  8790 | D:7      | Reached XP level 9. HP: 16/48 MP: 17/25
  9044 | D:7      | Found a bloodstained altar of Trog.
  9068 | D:7      | Noticed Prince Ribbit
  9078 | D:7      | Killed Prince Ribbit
  9534 | D:8      | Found Baleshoh's Weapon Boutique.
  9587 | D:8      | Reached skill level 5 in Fire Magic
  9690 | D:8      | Offered knowledge of Freeze by Vehumet.
  9759 | D:8      | Reached skill level 11 in Spellcasting
  9767 | D:8      | Reached ** piety under Vehumet
  9781 | D:8      | Found an ancient bone altar of Kikubaaqudgha.
 10131 | D:8      | Noticed Maggie
 10144 | D:8      | Killed Maggie
 10501 | D:8      | Identified a smoking mace
 10734 | D:8      | Offered knowledge of Ignite Poison by Vehumet.
 10891 | D:9      | Reached skill level 12 in Spellcasting
 11164 | D:9      | Reached *** piety under Vehumet
 11236 | D:9      | Noticed a troll
 11249 | D:9      | Killed a troll
 11250 | D:9      | Reached XP level 10. HP: 39/54 MP: 22/28
 11443 | D:9      | Offered knowledge of Dazzling Flash by Vehumet.
 11767 | D:9      | You are sucked into a shaft and drop 2 floors!
 11789 | D:10     | Entered Level 10 of the Dungeon
 11819 | D:10     | Killed an unseen horror
 11820 | D:10     | Reached skill level 13 in Spellcasting
 11996 | D:9      | Reached **** piety under Vehumet
 12024 | D:9      | Offered knowledge of Sticky Flame by Vehumet.
 13381 | D:10     | Noticed a gargoyle
 13466 | D:10     | Killed a gargoyle
 13468 | D:10     | Reached ***** piety under Vehumet
 13669 | D:10     | Reached skill level 14 in Spellcasting
 13697 | D:10     | Noticed a two-headed ogre
 13736 | D:10     | Killed a two-headed ogre
 13737 | D:10     | Reached XP level 11. HP: 34/61 MP: 18/31
 14392 | D:10     | Offered knowledge of Ozocubu's Refrigeration by Vehumet.
 14633 | D:11     | Noticed a two-headed ogre
 14653 | D:11     | Killed a two-headed ogre
 15207 | D:11     | Reached skill level 5 in Fighting
 15321 | D:11     | Reached skill level 15 in Spellcasting
 15822 | D:11     | Found a staircase to the Orcish Mines.
 16036 | D:11     | Noticed a catoblepas
 16045 | D:11     | Killed a catoblepas
 16103 | D:11     | Found a staircase to the Lair.
 16218 | D:11     | Noticed a two-headed ogre
 16218 | D:11     | Noticed a two-headed ogre
 16221 | D:11     | Noticed an ogre mage
 16230 | D:11     | Noticed a two-headed ogre
 16234 | D:11     | Killed a two-headed ogre
 16235 | D:11     | Killed an ogre mage
 16242 | D:11     | Killed a two-headed ogre
 16242 | D:11     | Offered knowledge of Lee's Rapid Deconstruction by Vehumet.
 16249 | D:11     | Killed a two-headed ogre
 16250 | D:11     | Reached XP level 12. HP: 36/69 MP: 21/33
 16764 | D:12     | Reached skill level 16 in Spellcasting
 16911 | D:12     | Learned a level 5 spell: Fireball
 17026 | D:12     | Mangled by a white ugly thing

Illustrated notes

Levels and vault maps discovered:
D:1:      dpeg_arrival_simpleton_b, layout_loops_cross, nrook_mini_vaults,
          xom_teletrap_fun
D:2:      layout_loops_corners, yredelemnul_altar_generic,
          minmay_misc_feat_plants
D:3:      layout_loops_ring
D:4:      layout_loops_cross, marbit_many_paths
D:5:      layout_basic, kennysheep_mini, minmay_temple_entry_antechambers,
          serial_shops, shop
D:6:      layout_basic, lemuel_crystal_altar, serial_glass, glass_columns_a,
          glass_columns_a
D:7:      layout_gridville, nzn_overflow_gifts_of_might_and_magic,
          uniq_prince_ribbit1
D:8:      layout_loops_ring, kennysheep_vampire_church, serial_shops, shop,
          uniq_maggie
D:9:      layout_long_grid
D:10:     minmay_quarter_circles, layout_small_grid,
          hangedman_abyss_or_decor_stagger, serial_bayou_pond_b
D:11:     nzn_motion_control, layout_basic, lair_entry_dummy, hiddenorc2_lemuel
D:12:     layout_loops_ring, chequers_serial_rivers_marsh, nicolae_barding_shop
Temple:   eino_temple_water

Skill      XL: |  1  2  3  4  5  6  7  8  9 10 11 12 |
---------------+-------------------------------------+-----
Spellcasting   | 5 6 7 8 10 12 14 15 16 | 16.0
Fighting       | 1 2 4 5 |  5.9
Armour         | 1 3 4 |  4.0
Conjurations   | 2 3 4 5 7 8 9 |  9.9
Fire Magic     | 1 2 3 4 6 7 9 |  9.4
Dodging        | 3 |  3.0
Air Magic      | 1 |  1.0
Stealth        | 3 |  3.0
Poison Magic   | 1 |  1.3
Evocations     | 1 |  1.0
Summonings     | |  1.1
Translocations | |  1.1

Action                   |  1- 3 |  4- 6 |  7- 9 | 10-12 || total
-------------------------+-------+-------+-------+-------++-------
Melee: Dagger            |       |    43 |    64 |       ||   107
       War axe           |       |       |    73 |   117 ||   190
 Cast: Magic Dart        |   117 |   157 |   120 |    41 ||   435
       Mephitic Cloud    |       |     7 |    31 |    48 ||    86
       Call Imp          |       |     3 |     3 |    15 ||    21
       Conjure Flame     |       |     1 |    13 |    43 ||    57
       Blink             |       |     1 |     1 |     1 ||     3
       Foxfire           |       |       |   104 |   291 ||   395
       Fireball          |       |       |       |     6 ||     6
Evoke: Wand              |       |     1 |       |     5 ||     6
 Stab: Confused          |       |     2 |    14 |     6 ||    22
Armor: Leather armour    |     5 |    26 |    59 |    79 ||   169
Dodge: Dodged            |    22 |    47 |   153 |   126 ||   348

Table legend: (Time is in decaauts)
 A = Elapsed time spent in this place.
 B = Non-inter-level travel time spent in this place.
 C = Inter-level travel time spent in this place.
 D = Time resting spent in this place.
 E = Time spent auto-exploring this place.
 F = Levels seen in this place.
 G = Mean time per level.
                   A        B        C        D        E       F      G
               +--------+--------+--------+--------+--------+-----+--------+
         Total |  17128 |  16703 |    425 |   1180 |  12546 |  13 | 1317.5 |
       Dungeon |  17059 |  16643 |    416 |   1180 |  12498 |  12 | 1421.6 |
        Temple |     68 |     59 |      9 |      0 |     48 |   1 |   68.0 |
               +--------+--------+--------+--------+--------+-----+--------+

Top non-repeatable levels by time:
    D:11: 2143 daAuts
    D:10: 1954 daAuts
     D:8: 1626 daAuts
     D:5: 1567 daAuts
     D:4: 1538 daAuts
     D:2: 1517 daAuts
     D:7: 1441 daAuts
     D:3: 1388 daAuts
     D:9: 1378 daAuts
     D:1: 1231 daAuts
     D:6: 780 daAuts
    D:12: 491 daAuts
  Temple: 68 daAuts
